 Dungeon Crawl Stone Soup version 0.21.1-1-g345015fe64 (webtiles) character file.

95 Gargoyl the Skirmisher (level 4, 0/39 HPs)
             Began as a Centaur Abyssal Knight on Mar 29, 2018.
             Was a Follower of Lugonu.
             Slain by Sigmund
             ... wielding a +0 scythe
              (9 damage)
             ... on level 3 of the Dungeon.
             The game lasted 00:03:24 (2235 turns).

Gargoyl the Skirmisher (Centaur Abyssal Knight)     Turns: 2235, Time: 00:03:25

Health: 0/39       AC:  7    Str: 15    XL:     4   Next: 40%
Magic:  6/6        EV:  8    Int: 11    God:    Lugonu [*.....]
Gold:   118        SH:  4    Dex:  9    Spells: 3/3 levels left

rFire    . . .     SeeInvis .   a - +1 hand axe
rCold    . . .     Gourm    .   (no shield)
rNeg     . . .     Faith    .   e - +0 ring mail
rPois    .         Spirit   .   d - +0 helmet
rElec    .         Reflect  .   (no cloak)
rCorr    .         Harm     .   (no gloves)
MR       .....                  (no barding)
Stlth    ..........             (no amulet)
HPRegen  0.13/turn              (no ring)
MPRegen  0.10/turn              (no ring)

@: very quick
A: large, hooves 3, large bone plates 1, deformed body, speed 2, mutation
resistance 1, tough skin 3
a: Depart the Abyss, Renounce Religion


You were on level 3 of the Dungeon.
You worshipped Lugonu.
Lugonu was aware of your devotion.
You were very hungry.

You visited 1 branch of the dungeon, and saw 3 of its levels.
You visited the Abyss 1 time.

You collected 118 gold pieces.

Inventory:

Hand Weapons
 a - a +1 hand axe (weapon)
Missiles
 i - 4 javelins (quivered)
Armour
 d - a +0 helmet (worn)
 e - a +0 ring mail (worn)
Scrolls
 h - a scroll of identify
Potions
 f - a potion of brilliance {unknown}
 g - a potion of resistance {unknown}
 j - a potion of agility {unknown}
Comestibles
 c - 4 rations


   Skills:
 + Level 3.6 Fighting
 + Level 2.7 Axes
 * Level 2.0 Armour
 + Level 1.0 Dodging
 * Level 2.7 Invocations


You had 3 spell levels left.
You didn't know any spells.

Dungeon Overview and Level Annotations

Branches:
Dungeon (3/15)

Altars:
Ashenzari
Kikubaaqudgha

Annotations:
D:3 Sigmund


Innate Abilities, Weirdness & Mutations

You have hooves in place of feet.
Armour fits poorly on your strangely shaped body.
You cover ground very quickly.
You have extremely tough skin. (AC +3)
You are partially covered in large bone plates. (SH +4)
You are somewhat resistant to further mutation.


Message History

You climb downwards.
Level annotation: Sigmund The orc hits you with a flail. x2
Sigmund hits you from afar with a scythe.
There is a stone staircase leading up, spattered with blood here.
The orc hits you with a flail. The orc hits you with a flail!
Unknown command.
You slash Sigmund!
Sigmund is moderately wounded.
You hit the orc.
Your ring mail prevents you from hitting the orc.
The orc hits you with a flail. Sigmund hits you with a scythe.
The orc hits you but does no damage.
You hit Sigmund but do no damage.
Sigmund is moderately wounded.
You hit the orc. You barely miss the orc. The orc hits you but does no damage.
The orc hits you with a flail.
* * * LOW HITPOINT WARNING * * *
Sigmund hits you with a scythe!
You die...

#. #.# #. #.# #.# #.# #.
##.###.###.## .. .... ...
... ##. ###.###.# #=# ..
.......###.# #.
#.##......###.#
#.####.......@@<...#
#.#.<........##.oo.......
....o.......########.####
..########..# # . #..#
..... ##.#### #.# ...


You could see Sigmund and 2 orcs.

Vanquished Creatures
  Jessica (D:2)
  An adder (D:2)
  An ooze (D:2)
  2 worms (D:2)
  A leopard gecko (D:1)
  2 orcs (D:2)
  10 giant cockroaches (D:2)
  4 goblins (D:1)
  3 hobgoblins
  4 jackals (D:2)
  A quokka (D:2)
  4 bats
  2 frilled lizards
  4 kobolds (D:1)
  2 rats
42 creatures vanquished.

Notes
Turn   | Place    | Note
-------+----------+-------------------------------------------
     0 | Abyss:1  | Gargoyl the Centaur Abyssal Knight began the quest for the Orb.
     0 | Abyss:1  | Reached XP level 1. HP: 19/19 MP: 2/2
    37 | Abyss:1  | Gained mutation: You are partially covered in large bone plates. (SH +4) [potion of mutation]
    37 | Abyss:1  | Gained mutation: You are somewhat resistant to further mutation. [potion of mutation]
    49 | Abyss:1  | Noticed an eidolon
    81 | Abyss:3  | Noticed a large abomination
    81 | Abyss:3  | Noticed a large abomination
    81 | Abyss:3  | Noticed a large abomination
    81 | Abyss:3  | Noticed a large abomination
    81 | Abyss:3  | Noticed a large abomination
    81 | Abyss:3  | Noticed a small abomination
    81 | Abyss:3  | Noticed a small abomination
    81 | Abyss:3  | Noticed a small abomination
    81 | Abyss:3  | Noticed a large abomination
    81 | Abyss:3  | Noticed a small abomination
    81 | Abyss:3  | Noticed a large abomination
    81 | Abyss:3  | Noticed a glowing orange brain
    81 | Abyss:3  | Noticed a large abomination
    81 | Abyss:3  | Noticed a titanic slime creature
    81 | Abyss:3  | Noticed a small abomination
    81 | Abyss:3  | Noticed an eye of draining
    81 | Abyss:3  | Noticed a flying skull
    81 | Abyss:3  | Noticed a golden eye
    81 | Abyss:3  | Noticed a small abomination
    81 | Abyss:3  | Noticed a titanic slime creature
    81 | Abyss:3  | Noticed a large abomination
    81 | Abyss:3  | Noticed a small abomination
    81 | Abyss:3  | Noticed an Executioner
    81 | Abyss:3  | Noticed a golden eye
    81 | Abyss:3  | Noticed a golden eye
    81 | Abyss:3  | Noticed a large abomination
    81 | Abyss:3  | Noticed a flying skull
    81 | Abyss:3  | Noticed a cacodemon
    81 | Abyss:3  | Noticed a cacodemon
    81 | Abyss:3  | Noticed a flying skull
    81 | Abyss:3  | Noticed a glowing orange brain
    81 | Abyss:3  | Noticed a small abomination
    81 | Abyss:3  | Noticed a large abomination
    81 | Abyss:3  | Noticed a shining eye
    81 | Abyss:3  | Noticed a shining eye
    81 | Abyss:3  | Noticed a large abomination
    81 | Abyss:3  | Noticed a small abomination
    81 | Abyss:3  | Noticed a large abomination
    82 | D:1      | Escaped the Abyss
   298 | D:1      | Reached XP level 2. HP: 21/26 MP: 3/3
   340 | D:1      | Reached * piety under Lugonu
   512 | D:1      | Found a shattered altar of Ashenzari.
   872 | D:2      | Found an ancient bone altar of Kikubaaqudgha.
  1056 | D:2      | Reached XP level 3. HP: 30/31 MP: 4/4
  1647 | D:3      | Noticed Jessica
  1647 | D:3      | Noticed Sigmund
  1659 | D:2      | Reached skill level 1 in Dodging
  1838 | D:2      | Reached XP level 4. HP: 29/39 MP: 5/5
  1937 | D:2      | Killed Jessica
  2235 | D:3      | Slain by Sigmund

Skill      XL: |  1  2  3  4 |
---------------+-------------+-----
Axes           | 2 |  2.7
Dodging        | 1 |  1.0
Armour         | 2 |  2.0
Fighting       | |  3.6
Invocations    | |  2.7

Action                   |  1- 3 |  4- 6 || total
-------------------------+-------+-------++-------
Melee: Hand axe          |   120 |    15 ||   135
       Kick              |    19 |     3 ||    22
Invok: Depart the Abyss  |     1 |       ||     1
  Use: Potion            |     2 |       ||     2
       Scroll            |     6 |       ||     6
  Eat: Chunk             |     1 |     1 ||     2
Armor: Ring mail         |    78 |     8 ||    86
Dodge: Dodged            |    74 |     6 ||    80
Block: Other             |    28 |       ||    28
